 Dungeon Crawl Stone Soup version 0.21.1-1-g345015f (webtiles) character file.

144 keltmir the Covered (level 5, -1/64 HPs)
             Began as a Gnoll Wanderer on Apr 5, 2018.
             Succumbed to poison (dark miasma)
             ... on level 3 of the Dungeon.
             The game lasted 00:10:25 (2316 turns).

keltmir the Covered (Gnoll Wanderer)                Turns: 2316, Time: 00:10:26

Health: -1/64      AC: 13    Str: 23    XL:     5   Next: 26%
Magic:  9/9        EV:  7    Int: 12    God:
Gold:   99         SH:  0    Dex: 14    Spells: 10/10 levels left

rFire    . . .     SeeInvis .   c - +0 hand axe
rCold    . . .     Gourm    .   (no shield)
rNeg     . . .     Faith    .   e - +0 plate armour
rPois    .         Spirit   .   i - +0 helmet
rElec    .         Reflect  .   (no cloak)
rCorr    .         Harm     .   (no gloves)
MR       .....                  (no boots)
Stlth    ..........             (no amulet)
HPRegen  0.20/turn              (no ring)
MPRegen  0.11/turn              (no ring)

@: berserking, lethally poisoned (-1 -> -57), slowed
A: distributed training, fangs 1, strong nose
a: no special abilities


You were on level 3 of the Dungeon.
You were not hungry.

You visited 1 branch of the dungeon, and saw 3 of its levels.

You collected 99 gold pieces.

Inventory:

Hand Weapons
 c - a +0 hand axe (weapon)
Armour
 e - a +0 plate armour (worn)
 i - a +0 helmet (worn)
Jewellery
 j - an uncursed ring of magical power {unknown}
Wands
 o - a wand of enslavement (13)
Scrolls
 a - a scroll of amnesia {unknown}
 g - a scroll of noise {unknown}
 h - a scroll of enchant weapon
 k - 2 scrolls of identify
 l - a scroll of magic mapping {unknown}
Books
 m - Kikubaaqudgha's Catalogue of Dark Magic
   (Kikubaaqudgha gifted it to you on level 2 of the Dungeon)

   Spells                             Type                      Level
   a - Animate Skeleton               Necromancy                   1
   b - Pain                           Necromancy                   1
   c - Sublimation of Blood           Necromancy                   2
   d - Vampiric Draining              Necromancy                   3
Comestibles
 b - 2 chunks of flesh
 f - 4 rations


   Skills:
 + Level 4.7 Fighting
 + Level 1.4 Short Blades
 + Level 1.4 Long Blades
 + Level 2.9 Axes
 + Level 1.4 Maces & Flails
 + Level 1.4 Polearms
 + Level 1.4 Staves
 + Level 1.4 Slings
 + Level 1.4 Bows
 + Level 1.4 Crossbows
 + Level 1.4 Throwing
 + Level 4.7 Armour
 + Level 1.4 Dodging
 + Level 4.3 Stealth
 + Level 1.4 Shields
 + Level 1.4 Unarmed Combat
 + Level 3.1 Spellcasting
 + Level 1.1 Conjurations
 + Level 1.1 Hexes
 + Level 1.1 Charms
 + Level 1.1 Summonings
 + Level 1.1 Necromancy
 + Level 1.1 Translocations
 + Level 1.1 Transmutations
 + Level 3.9 Fire Magic
 + Level 1.1 Ice Magic
 + Level 1.1 Air Magic
 + Level 1.1 Earth Magic
 + Level 1.1 Poison Magic
   Level 1.5 Invocations
 + Level 1.4 Evocations


You had 10 spell levels left.
You didn't know any spells.

Dungeon Overview and Level Annotations

Branches:
Dungeon (3/15)

Altars:
Kikubaaqudgha


Innate Abilities, Weirdness & Mutations

Your experience applies equally to all skills.
You have very sharp teeth.
Your uncanny sense of smell can sniff out nearby items.


Message History

A zombie and 2 skeletons come into view.
You hit the kobold skeleton.
The kobold skeleton is severely damaged.
You hit the adder zombie. You hit the hobgoblin skeleton.
You are engulfed in dark miasma.
You are poisoned.
* * * LOW HITPOINT WARNING * * *
You feel very sick.
You feel better.
You are engulfed in dark miasma.
You are lethally poisoned!
You feel very sick.
The adder zombie bites you but does no damage.
The hobgoblin skeleton hits you.
The kobold skeleton hits you but does no damage.
A red film seems to cover your vision as you go berserk!
You feel yourself moving faster!
You feel mighty!
You are engulfed in dark miasma.
You are more poisoned.
* * * LOW HITPOINT WARNING * * *
You die...

########
#Z@Z...# ######
#Z####.# #....#
#.### #....#
#...#
#....######...#
+....÷....'>..#
#....######...#
#.........#.(.#
∆
#.(.......#...#


You could see an adder zombie, a hobgoblin skeleton and a kobold skeleton.

Vanquished Creatures
  Robin (D:2)
  3 gnolls (D:3)
  2 adders
  3 oozes
  A dart slug (D:2)
  4 leopard geckos
  2 orcs (D:3)
  2 giant cockroaches
  12 goblins
  4 hobgoblins
  5 jackals
  5 kobolds
  A quokka (D:2)
  3 ball pythons
  4 bats
  7 frilled lizards
  6 rats
65 creatures vanquished.

Notes
Turn   | Place    | Note
-------+----------+-------------------------------------------
     0 | D:1      | keltmir the Gnoll Wanderer began the quest for the Orb.
     0 | D:1      | keltmir set off with: a +2 dagger, a potion of berserk rage, a +0 hand axe, a potion of curing, a +0 robe, a ration
     0 | D:1      | Reached XP level 1. HP: 20/20 MP: 4/4
    65 | D:1      | Reached XP level 2. HP: 26/26 MP: 5/5
   606 | D:1      | Reached XP level 3. HP: 31/31 MP: 7/7
   783 | D:2      | Reached skill level 1 in Invocations
   938 | D:2      | Noticed Robin
   970 | D:2      | Reached skill level 1 in Short Blades
   970 | D:2      | Reached skill level 1 in Long Blades
   970 | D:2      | Reached skill level 1 in Maces & Flails
   970 | D:2      | Reached skill level 1 in Polearms
   970 | D:2      | Reached skill level 1 in Staves
   970 | D:2      | Reached skill level 1 in Slings
   970 | D:2      | Reached skill level 1 in Bows
   970 | D:2      | Reached skill level 1 in Crossbows
   970 | D:2      | Reached skill level 1 in Throwing
   970 | D:2      | Reached skill level 1 in Dodging
   970 | D:2      | Reached skill level 1 in Shields
   970 | D:2      | Reached skill level 1 in Unarmed Combat
   970 | D:2      | Reached skill level 1 in Evocations
   980 | D:2      | Killed Robin
   980 | D:2      | Reached XP level 4. HP: 21/38 MP: 8/8
  1533 | D:2      | Found a faded altar of an unknown god.
  1536 | D:2      | Became a worshipper of Kikubaaqudgha
  1536 | D:2      | Reached * piety under Kikubaaqudgha
  1536 | D:2      | Identified Kikubaaqudgha's Catalogue of Dark Magic (Kikubaaqudgha gifted it to you on level 2 of the Dungeon)
  1536 | D:2      | Received a gift from Kikubaaqudgha
  1845 | D:3      | Reached skill level 1 in Conjurations
  1845 | D:3      | Reached skill level 1 in Hexes
  1845 | D:3      | Reached skill level 1 in Charms
  1845 | D:3      | Reached skill level 1 in Summonings
  1845 | D:3      | Reached skill level 1 in Necromancy
  1845 | D:3      | Reached skill level 1 in Translocations
  1845 | D:3      | Reached skill level 1 in Transmutations
  1845 | D:3      | Reached skill level 1 in Ice Magic
  1845 | D:3      | Reached skill level 1 in Air Magic
  1845 | D:3      | Reached skill level 1 in Earth Magic
  1845 | D:3      | Reached skill level 1 in Poison Magic
  1871 | D:3      | Reached XP level 5. HP: 11/43 MP: 9/9
  2183 | D:3      | Fell from the grace of Kikubaaqudgha
  2316 | D:3      | Succumbed to poison (dark miasma)

Skill      XL: |  1  2  3  4 |
---------------+-------------+-----
Invocations    | 1 |  1.5
Short Blades   | 1 |  1.4
Long Blades    | 1 |  1.4
Maces & Flails | 1 |  1.4
Polearms       | 1 |  1.4
Staves         | 1 |  1.4
Slings         | 1 |  1.4
Bows           | 1 |  1.4
Crossbows      | 1 |  1.4
Throwing       | 1 |  1.4
Dodging        | 1 |  1.4
Shields        | 1 |  1.4
Unarmed Combat | 1 |  1.4
Evocations     | 1 |  1.4
Spellcasting   | 3 |  3.1
Conjurations   | 1 |  1.1
Hexes          | 1 |  1.1
Charms         | 1 |  1.1
Summonings     | 1 |  1.1
Necromancy     | 1 |  1.1
Translocations | 1 |  1.1
Transmutations | 1 |  1.1
Ice Magic      | 1 |  1.1
Air Magic      | 1 |  1.1
Earth Magic    | 1 |  1.1
Poison Magic   | 1 |  1.1
Fighting       | |  4.7
Axes           | |  2.9
Armour         | |  4.7
Stealth        | |  4.3
Fire Magic     | |  3.9

Action                   |  1- 3 |  4- 6 || total
-------------------------+-------+-------++-------
Melee: Hand axe          |   108 |   139 ||   247
       Bite              |    12 |    15 ||    27
Invok: Renounce Religion |       |     1 ||     1
  Use: Scroll            |     2 |       ||     2
       Potion            |     2 |     2 ||     4
 Stab: Sleeping          |     2 |       ||     2
  Eat: Chunk             |       |     5 ||     5
Armor: Robe              |     5 |       ||     5
       Plate armour      |    79 |    84 ||   163
       Ring mail         |    10 |       ||    10
Dodge: Dodged            |    43 |    51 ||    94
